 Dungeon Crawl Stone Soup version 0.29-a0-284-gf9362112df (webtiles) character file.

Game seed: 6458655697493956819

10 siradein the Grave Robber (level 2, 20/20 HPs)
             Began as a Mummy Necromancer on Mar 22, 2022.
             Quit the game on level 1 of the Dungeon.
             The game lasted 00:01:51 (769 turns).

siradein the Grave Robber (Mummy Necromancer)        Turns: 769, Time: 00:01:51

Health: 20/20      AC:  3    Str: 11    XL:     2   Next: 10%
Magic:  5/5        EV: 11    Int: 14    God:
Gold:   29         SH:  0    Dex: 12    Spells: 5/6 levels left

rFire   x . .      SeeInvis .   (no weapon)
rCold   + . .      Faith    .   (no shield)
rNeg    + + +      Spirit   .   c - +0 leather armour
rPois   ∞          Reflect  .   (no helmet)
rElec   .          Harm     .   (no cloak)
rCorr   .          Rampage  .   (no gloves)
Will    .....                   (no boots)
Stlth   +.........              (no amulet)
HPRegen 0.06/turn               (no ring)
MPRegen 0.09/turn               (no ring)

@: no status effects
A: cold resistance 1, negative energy resistance 3, torment resistance 2, heat
vulnerability 1, no potions
a: no special abilities


You were on level 1 of the Dungeon.
You visited 1 branch of the dungeon, and saw 1 of its levels.

You collected 29 gold pieces.

Inventory:

Armour
 c - a +0 leather armour (worn)
 d - a +0 kite shield
Scrolls
 a - a scroll of amnesia {unknown}
 b - a scroll of summoning {unknown}
 e - 2 scrolls of vulnerability {unknown}
 f - a scroll of identify {unknown}


   Skills:
 + Level 0.5 Fighting
 + Level 0.3 Armour
 + Level 1.7 Dodging
 - Level 1.5 Stealth
 + Level 2.9 Spellcasting
 + Level 4.1 Necromancy


You had 5 spell levels left.
You knew the following spells:

 Your Spells              Type           Power      Damage    Failure   Level
a - Pain                  Necr           52%        1d6       5%          1

Your spell library contained the following spells:

 Spells                   Type           Power      Damage    Failure   Level
 Animate Skeleton         Necr           26%        N/A       5%          1
 Vampiric Draining        Necr           13%        2d6       16%         3
 Animate Dead             Necr           6%         N/A       45%         4
 Agony                    Necr           13%        N/A       82%         5


Dungeon Overview and Level Annotations

Branches:
Dungeon (1/15)

Altars:


Innate Abilities, Weirdness & Mutations

You are immune to poison.
Your flesh is cold resistant. (rC+)
You are immune to negative energy. (rN+++)
You are immune to unholy pain and torment.
You are vulnerable to heat. (rF-)
You do not drink.


Message History

You can't see any susceptible monsters within range! (Use Z to cast anyway.)
You can't see any susceptible monsters within range! (Use Z to cast anyway.)
You can't see any susceptible monsters within range! (Use Z to cast anyway.)
e - 2 scrolls labelled SIDETUE LOUL
f - a scroll labelled FAFYVY NABBIERPH You open the door.
Found a whip.
There is an open door here.
Found 2 fuming orange potions.
You open the door.
A hobgoblin comes into view.
The hobgoblin shouts!
A hobgoblin is nearby!
A hobgoblin is nearby!
A hobgoblin is nearby!
A hobgoblin is nearby!
The hobgoblin writhes in agony.
The hobgoblin writhes in agony.
You kill the hobgoblin!
You have reached level 2!
There is an open door here.
You open the door.
There is an open door here.
You open the door.
A hobgoblin comes into view.
There is an open door here.
A hobgoblin is nearby!
A hobgoblin is nearby!
A hobgoblin is nearby!
A hobgoblin is nearby!
The hobgoblin writhes in agony.
The hobgoblin barely resists.
The hobgoblin writhes in agony.
The hobgoblin misses you.
The hobgoblin writhes in agony.
You kill the hobgoblin!
You can't see any susceptible monsters within range! (Use Z to cast anyway.)
You see here a hobgoblin corpse.
Found an amethyst potion.
A hobgoblin comes into view.
Are you sure you want to abandon this character and quit the game? (Confirm with "yes".)

...........# #.#
...######..# #########.#
.....!...####.........##
....#...................
.......>................
+##.#.....###.#########.
..........# #.# #..
..........# #.# #..
......#@..# #.# #..
..........###.# ###
###....#......#
#....#..##### ####
#....#..# #...
#....#.)######## #...
#....#.......... #...
...g.#.......... ####
#....^.....


You could see a hobgoblin (asleep).

Vanquished Creatures
  A bat (D:1)
  3 endoplasms (D:1)
  2 hobgoblins (D:1)
  A kobold (D:1)
  A rat (D:1)
8 creatures vanquished.

Notes
Turn   | Place    | Note
-------+----------+-------------------------------------------
     0 | D:1      | siradein the Mummy Necromancer began the quest for the Orb.
     0 | D:1      | Reached XP level 1. HP: 13/13 MP: 4/4
   642 | D:1      | Reached XP level 2. HP: 20/20 MP: 2/5
   769 | D:1      | Quit the game

Illustrated notes

Levels and vault maps discovered:
D:1:      lightli_arrival_quake, layout_basic

Action                   || total
-------------------------++-------
Melee: Unarmed           ||    13
 Cast: Pain              ||    18
Armor: Leather armour    ||     6
Dodge: Dodged            ||     6

Table legend: (Time is in decaauts)
 A = Elapsed time spent in this place.
 B = Non-inter-level travel time spent in this place.
 C = Inter-level travel time spent in this place.
 D = Time resting spent in this place.
 E = Time spent auto-exploring this place.
 F = Levels seen in this place.
 G = Mean time per level.
                   A        B        C        D        E       F      G
               +--------+--------+--------+--------+--------+-----+--------+
         Total |    769 |    769 |      0 |      0 |    653 |   1 |  769.0 |
       Dungeon |    769 |    769 |      0 |      0 |    653 |   1 |  769.0 |
               +--------+--------+--------+--------+--------+-----+--------+

Top non-repeatable levels by time:
     D:1: 769 daAuts
